cohdb
Replays
Latest Replays
All Replays
Popular Replays
Top Player Replays
Match Explorer
How It Works
Community
CoH3 Stats
Reddit
Sign in to upload your games and track your stats! →
Sign in with Steam
Match 43034370
Unlisted
Match 43034370
Overview
Messages
Build Orders
End
Construct Section Command Post
Vickers Machine Gun Team
Selects Heavy Armor Battlegroup
Infantry Section
ML 3-inch Mortar Team
Infantry Section
Construct Field Infirmary
Construct Platoon Command Post
Infantry Section
Selects Rigorous Vehicle Training
Selects Light Vehicle Withdraw and Refit
6-pounder Anti-tank Gun Team
Infantry Training
Unlock Bishop Self-propelled Artillery
Selects UNKNOWN (202330)
Bishop Self-propelled Artillery
Bishop Self-propelled Artillery
Light Vehicle Training
Sev | Stryker
Doctor Guver
andcrew
Mustache and Melons
0
0
Comments
sign in to comment!
No comments posted yet!